AoeStats
← neelshah38

Arena

506069443Analyzed
2v2 RM · 20d ago on Sep 12, 2026· 47m 2s· 4 players
Game mode
Random Map
Map size
Medium (4 player)
Population
200
Speed
Normal
Resources
Standard
Victory
Conquest
Starting age
Dark Age
Ending age
Imperial Age
RankedLock teamsTeams togetherTeam positionsShared explorationLock speedFull tech treeHidden civsTurbo modeCheats
Victory
Defeat
🇹🇭 Spanish · Thailand
1055
+16
🇮🇳 Franks · India
982
+20
🇬🇧 Dravidians · United Kingdom
1059
-18
🇬🇧 Aztecs · United Kingdom
1059
-18
theSy
11:41 Feudal Age
13:22 Loom
15:45 Castle Age
18:34 Fletching
28:49 Imperial Age
31:56 Horse Collar
32:07 Double-Bit Axe
33:47 Chemistry
36:11 Wheelbarrow
36:47 Ballistics
41:49 Conscription
41:42 Bodkin Arrow
43:40 Bow Saw
neelshah38
11:32 Feudal Age
9:48 Loom
17:09 Castle Age
14:59 Double-Bit Axe
18:31 Bow Saw
25:39 Scale Barding Armor
26:11 Wheelbarrow
28:53 Fletching
29:24 Chain Barding Armor
33:00 Elite Skirmisher
37:40 Imperial Age
35:45 Bodkin Arrow
38:23 Cavalier
40:43 Pikeman
42:07 Plate Barding Armor
41:55 Hand Cart
47:24 Padded Archer Armor
47:36 Forging
Mr Kakoh
11:47 Feudal Age
11:51 Feudal Age
11:53 Feudal Age
13:02 Double-Bit Axe
13:00 Horse Collar
16:05 Castle Age
15:05 Loom
15:15 Stone Mining
15:17 Gold Mining
15:29 Scale Mail Armor
16:28 Forging
17:04 Bow Saw
18:25 Chain Mail Armor
20:13 Iron Casting
20:54 Squires
20:40 Arson
24:15 Wheelbarrow
24:04 Heavy Plow
30:04 Fletching
31:17 Bodkin Arrow
34:18 Ballistics
34:27 Hand Cart
37:05 Imperial Age
36:07 Town Watch
37:55 Elite Urumi Swordsman
41:07 Plate Mail Armor
42:02 Conscription
42:32 Wootz Steel
Henry VIII K/D
12:56 Feudal Age
17:01 Castle Age
15:15 Double-Bit Axe
15:34 Horse Collar
16:12 Scale Mail Armor
17:11 Forging
19:08 Fortified Wall
19:21 Squires
19:40 Stone Mining
21:02 Padded Archer Armor
20:52 Fletching
21:52 Ballistics
24:15 Loom
24:31 Arson
25:50 Iron Casting
27:33 Town Watch
28:26 Murder Holes
30:20 Wheelbarrow
29:42 Gambesons
30:04 Eagle Warrior
31:35 Town Patrol
32:24 Chain Mail Armor
43:26 Bow Saw
44:12 Elite Skirmisher
44:49 Bodkin Arrow
45:10 Leather Archer Armor
Connection lost

Rejoining the realm…

Still unreachable

The connection could not be restored.

Session expired

The server has moved on; the page needs a fresh start.